 Dungeon Crawl Stone Soup version 0.32-a0-42-ga30500b4d3 (webtiles) character file.

Game seed: 18028888146994106125

2793 CougarLife the Cleaver (level 9, -2/75 (85) HPs)
             Began as a Hill Orc Monk on Feb 2, 2024.
             Was a Believer of Beogh.
             Slain by a wight
             ... wielding a +3 morningstar
              (4 damage)
             ... on level 8 of the Dungeon.
             The game lasted 00:15:22 (8102 turns).

CougarLife the Cleaver (Hill Orc Monk)              Turns: 8102, Time: 00:15:22

HP:   -2/75 (85)    AC: 11    Str: 22    XL:     9   Next: 71%
MP:   6/9           EV: 10    Int:  7    God:    Beogh [**....]
Gold: 255           SH:  0    Dex: 12    Spells: 8/8 levels left

rFire   . . .        C - +1 hand axe (drain)
rCold   . . .        d - orb {light}
rNeg    . . .        y - +0 scale mail
rPois   .            b - +0 helmet
rElec   .            l - +0 cloak
rCorr   .            N - +0 pair of gloves
SInv    .            (no boots)
Will    +....        (no amulet) Stlth
                     J - ring of willpower
HPRegen 0.32/turn    (no ring)
MPRegen 0.11/turn

%: no passive effects
@: brilliant, glowing, heavily drained
A: dopey 1, strong 1
a: Renounce Religion, Smiting


You were on level 8 of the Dungeon.
You worshipped Beogh.
Beogh was pleased with you.
You visited 1 branch of the dungeon, and saw 8 of its levels.
You also visited: Sewer and Ossuary.

You collected 476 gold pieces.
You spent 221 gold pieces at shops.

Inventory:

Hand Weapons
 C - a +1 hand axe of draining (weapon)
Missiles
 H - 8 poisoned darts (quivered)
 M - a boomerang
Armour
 b - a +0 helmet (worn)
 d - an orb of light (worn)
 f - a scarf of resistance
 l - a +0 cloak (worn)
 y - a +0 scale mail (worn)
 N - a +0 pair of gloves (worn)
Jewellery
 a - a ring of positive energy
 I - a ring of flight
 J - a ring of willpower (left hand)
 K - a ring of protection from fire
 L - a ring of ice
Wands
 i - a wand of charming (6)
 A - a wand of iceblast (4)
Scrolls
 g - 2 scrolls of blinking
 h - a scroll of identify
 j - 2 scrolls of amnesia
 k - 2 scrolls of vulnerability
 m - 3 scrolls of fog
 o - a scroll of revelation {unknown}
 q - 2 scrolls of enchant armour
 w - a scroll of poison {unknown}
 x - a scroll of teleportation {unknown}
 B - 2 scrolls of fear {unknown}
 E - 2 scrolls of noise
 F - 2 scrolls of brand weapon
Potions
 c - 2 potions of ambrosia
 e - a potion of lignification {unknown}
 n - a potion of attraction {unknown}
 p - a potion of resistance {unknown}
 r - 2 potions of brilliance
 s - a potion of magic
 t - a potion of degeneration {unknown}
 u - a potion of mutation
 v - a potion of enlightenment {unknown}
 z - 2 potions of curing
 D - a potion of heal wounds {unknown}
 G - a potion of invisibility {unknown}


   Skills:
 + Level 9.8 Fighting
 * Level 12.7 Axes
 - Level 5.3 Armour
 - Level 2.4 Dodging


You had 8 spell levels left.
You didn't know any spells.
Your spell library contained the following spells:

 Spells                   Type           Power      Damage    Failure   Level
 Volatile Blastmotes      Fire/Tloc      0%         2d10      98%         3
 Fulminant Prism          Conj/Alch      0%         3d5       100%        4
 Iskenderun's Mystic Bla  Conj/Tloc      0%         2d3       100%        4


Dungeon Overview and Level Annotations

Branches:
Dungeon (8/15)             Temple (0/1) D:6           Sewer (visited)
Ossuary (visited)
   Lair: D:8-11

Altars:
Kikubaaqudgha
Uskayaw
The Shining One

Shops:
D:7 *(


Innate Abilities, Weirdness & Mutations

You are dopey. (Int -2)
Your muscles are strong. (Str +4, Int/Dex -1)


Message History

You are too injured to fight recklessly!
You hit the wight.
The wight is moderately damaged.
You hit the wight. The wight hits you with a +2 falchion!
The wight hits you with a +3 morningstar!
* * * LOW HITPOINT WARNING * * *
You feel drained.
* * * LOW HITPOINT WARNING * * *
You slash the wight!
The wight is almost destroyed.
You hit the wight but do no damage. You hit the wight.
You destroy the wight!
Beogh accepts your kill.
You completely miss the wight. The wight barely misses you.
Unknown command.
It was a potion of brilliance.
You feel clever all of a sudden.
The wight hits you with a +3 morningstar.
* * * LOW HITPOINT WARNING * * *
You feel drained.
It was a potion of curing.
You feel better. The wight barely misses you.
It was a potion of mutation.
You feel extremely strange.
You feel stupid.
You begin to recover more slowly from draining effects.
You recover from draining at a normal speed again.
You feel stronger. The wight barely misses you.
It was a potion of magic.
Magic courses through your body. The wight closely misses you.
Aiming: Smiting
Press: ? - help, Dir - move target, f - wight Smite: a wight, wielding a +3 morningstar and wearing a +0 robe (lightly damaged, haloed)
You smite the wight!
The wight is severely damaged.
You can no longer gain orcish followers.
The wight hits you with a +3 morningstar!
* * * LOW HITPOINT WARNING * * *
You feel drained.
You die...

#... #..#
# #..#.#
###..#.
.....
#...#
######...#
......)@.#
######z..#
#.#.# #.
.. #. ###
#. #. #.


You could see a wight.

Vanquished Creatures
  2 steam dragons (D:5)
  Edmund (D:5)
  A water moccasin (D:6)
  Pargi (Sewer)
  A black bear (D:6)
  2 ogres (D:4)
  2 centaurs (D:6)
  4 elf zombies (Ossuary)
  2 brain worms (Sewer)
  A kobold brigand (D:5)
  A gnoll sergeant (D:5)
  5 scorpions
  2 wights
  A bombardier beetle (D:4)
  A centaur zombie (Ossuary)
  A hound (D:5)
  An orc priest (D:4)
  Crazy Yiuf (D:2)
  3 human zombies (Ossuary)
  3 iguanas
  Terence (D:2)
  2 orc wizards (D:7)
  6 hound zombies (Ossuary)
  2 mummies (Ossuary)
  6 gnolls
  13 adders
  2 shadow imps
  4 ufetubi (D:6)
  6 adder zombies (Ossuary)
  4 dart slugs
  A ribbon worm (D:3)
  27 orcs
  2 endoplasms (D:1)
  2 giant cockroaches
  4 gnoll zombies (Ossuary)
  8 goblins
  3 hobgoblins
  3 jackals (D:2)
  3 quokkas
  13 ball pythons
  5 bats
  7 frilled lizards
  4 jackal zombies (Ossuary)
  19 kobolds
  5 kobold zombies (Ossuary)
  4 orc zombies (Ossuary)
  5 rats (D:1)
197 creatures vanquished.

Vanquished Creatures (collateral kills)
  A gnoll (D:2)
1 creature vanquished.

Grand Total: 198 creatures vanquished

Notes
Turn   | Place    | Note
-------+----------+-------------------------------------------
     0 | D:1      | CougarLife the Hill Orc Monk began the quest for the Orb.
     0 | D:1      | Reached XP level 1. HP: 19/19 MP: 1/1
   183 | D:1      | Reached XP level 2. HP: 27/27 MP: 2/2
   515 | D:1      | Reached skill level 5 in Axes
   847 | D:1      | Reached XP level 3. HP: 27/33 MP: 3/3
  1325 | D:2      | Found a runed translucent door.
  1326 | D:2      | Noticed Crazy Yiuf
  1591 | D:2      | Reached XP level 4. HP: 35/41 MP: 4/4
  1943 | D:2      | Killed Crazy Yiuf
  1944 | D:2      | Reached skill level 6 in Axes
  2085 | D:3      | Noticed Terence
  2331 | D:2      | Reached XP level 5. HP: 47/47 MP: 5/5
  2651 | D:3      | Reached skill level 5 in Fighting
  2695 | D:2      | Killed Terence
  2861 | D:3      | Reached skill level 7 in Axes
  3369 | D:4      | Reached XP level 6. HP: 56/56 MP: 6/6
  3370 | D:4      | Found a glowing golden altar of the Shining One.
  3407 | D:4      | Found a sand-covered staircase.
  3420 | Ossuary  | Entered an ossuary
  3509 | Ossuary  | Reached skill level 8 in Axes
  3653 | Ossuary  | Reached XP level 7. HP: 63/63 MP: 7/7
  3784 | Ossuary  | Reached skill level 9 in Axes
  4130 | Ossuary  | Reached skill level 10 in Axes
  4130 | Ossuary  | Reached XP level 8. HP: 17/73 MP: 8/8
  4539 | D:4      | Reached skill level 1 in Armour
  4898 | D:4      | Became a worshipper of Beogh the Brigand
  4898 | D:4      | Reached * piety under Beogh
  4898 | D:4      | Reached ** piety under Beogh
  5095 | D:5      | Entered Level 5 of the Dungeon
  5223 | D:5      | Found a glowing drain.
  5226 | Sewer    | Entered a sewer
  5376 | Sewer    | Noticed Pargi
  5386 | Sewer    | Killed Pargi
  5527 | D:5      | Noticed Edmund
  5540 | D:5      | Killed Edmund
  5541 | D:5      | Reached skill level 5 in Armour
  5875 | D:5      | Reached XP level 9. HP: 81/82 MP: 9/9
  6020 | D:5      | Identified the +11 chain mail of Bespelled Surprise {rC++}
  6111 | D:5      | Reached skill level 11 in Axes
  6324 | D:5      | Found an ancient bone altar of Kikubaaqudgha.
  6334 | D:5      | Found a hide-covered altar of Uskayaw.
  7145 | D:6      | Reached *** piety under Beogh
  7146 | D:6      | Reached skill level 12 in Axes
  7338 | D:6      | Found a staircase to the Ecumenical Temple.
  7752 | D:7      | Found Calusch's Antique Weapon Boutique.
  7752 | D:7      | Found Norphyosa's General Store.
  7860 | D:7      | Bought a transparent war axe for 221 gold pieces
  7860 | D:7      | Identified the +7 war axe of Ciggah {holy, *Noise rElec
                  | rCorr Stlth+} (You bought it in a shop on level 7 of the
                  | Dungeon)
  8100 | D:8      | Gained mutation: You are dopey. (Int -2) [potion of
                  | mutation]
  8100 | D:8      | Gained mutation: Your health recovers twice as slowly from
                  | being drained. [potion of mutation]
  8100 | D:8      | Lost mutation: Your health recovers twice as slowly from
                  | being drained. [potion of mutation]
  8100 | D:8      | Gained mutation: Your muscles are strong. (Str +4, Int/Dex
                  | -1) [potion of mutation]
  8102 | D:8      | HP: 2/78 [wight/+3 morningstar (11)]
  8102 | D:8      | Slain by a wight

Illustrated notes

Levels and vault maps discovered:
D:1:      zaba_arrival_water, layout_loops_ring, serial_co_window_serial,
          co_window_of_opportunity_a, co_window_of_opportunity_a,
          co_window_corner_a, co_window_corner_a, co_window_paths_a,
          co_window_corner_b, co_window_of_opportunity_c, co_window_corner_b,
          co_window_cross_2, co_window_broadway_a, co_window_paths_c,
          glass_columns_a, glass_columns_b, glass_columns_a, glass_columns_c,
          glass_columns_a, minmay_misc_feat_more_columns
D:2:      layout_basic, uniq_crazy_yiuf_cottage
D:3:      layout_rooms, kennysheep_generic_room_16, uniq_terence
D:4:      layout_basic, mainiacjoe_overflow_cross_hatched,
          mainiacjoe_ossuary_entry_dusty_tomb
D:5:      kennysheep_steamy, layout_loops_ring, jmf_multi_god_temple2,
          mainiacjoe_sewer_entry_somewhere_in_here_1, kennysheep_generic_room_9,
          uniq_edmund
D:6:      layout_basic, temple_pool_b, minmay_hedge_maze, minivault_25,
          minivault_1, dreamdust_wishing_well, chequers_serial_rivers_small_a
D:7:      layout_basic, serial_shops, shop, shop, shop,
          nicolae_shop_gibbet_a_chance
D:8:      layout_loops_ring, serial_shops, nicolae_shop_waterfront

Skill      XL: |  1  2  3  4  5  6  7  8  9 |
---------------+----------------------------+-----
Fighting       | 4 5 6 7 8 9 |  9.8
Axes           | 5 6 7 8 10 12 | 12.7
Armour         | 5 |  5.3
Dodging        | |  2.4

Action                     |  1- 3 |  4- 6 |  7- 9 || total
---------------------------+-------+-------+-------++-------
  Melee: Hand axe          |   100 |   226 |   455 ||   781
  Throw: Dart              |       |       |     8 ||     8
 Invoke: Convert to Beogh  |       |       |     1 ||     1
         Smiting           |       |       |     1 ||     1
  Evoke: Wand              |       |     2 |       ||     2
    Use: Scroll            |       |       |     7 ||     7
         Potion            |       |       |     4 ||     4
 Armour: Robe              |    52 |       |       ||    52
         Leather armour    |    12 |   111 |    72 ||   195
         Scale mail        |       |       |   207 ||   207
  Dodge: Dodged            |    76 |   148 |   184 ||   408

Table legend: (Time is in decaauts)
 A = Elapsed time spent in this place.
 B = Non-inter-level travel time spent in this place.
 C = Inter-level travel time spent in this place.
 D = Time resting spent in this place.
 E = Time spent auto-exploring this place.
 F = Levels seen in this place.
 G = Mean time per level.
                   A        B        C        D        E       F      G
               +--------+--------+--------+--------+--------+-----+--------+
         Total |   8023 |   7712 |    311 |   1943 |   3680 |  10 |  802.3 |
       Dungeon |   6954 |   6643 |    311 |   1438 |   3680 |   8 |  869.2 |
         Sewer |    216 |    216 |      0 |     46 |      0 |   1 |  216.0 |
       Ossuary |    851 |    851 |      0 |    459 |      0 |   1 |  851.0 |
               +--------+--------+--------+--------+--------+-----+--------+

Top non-repeatable levels by time:
     D:2: 1526 daAuts
     D:5: 1278 daAuts
     D:6: 1191 daAuts
     D:1: 1058 daAuts
 Ossuary: 851 daAuts
     D:3: 822 daAuts
     D:4: 796 daAuts
     D:7: 274 daAuts
   Sewer: 216 daAuts
     D:8: 7 daAuts
